 Dungeon Crawl Stone Soup version 0.30.1-4-g462c640d31 (webtiles) character file.

Game seed: 8336809072189535630

38 HagarQim the Conjurer (level 3, 0/26 HPs)
             Began as a Draconian Conjurer on Aug 24, 2023.
             Slain by a worm (6 damage)
             ... on level 2 of the Dungeon.
             The game lasted 00:04:49 (1476 turns).

HagarQim the Conjurer (Draconian Conjurer)          Turns: 1476, Time: 00:04:49

Health: 0/26       AC:  6    Str:  9    XL:     3   Next: 25%
Magic:  1/6        EV: 12    Int: 20    God:
Gold:   45         SH:  0    Dex:  9    Spells: 3/6 levels left

rFire   . . .        c - +0 dagger
rCold   . . .        (no shield)
rNeg    . . .        (body armour unavailable)
rPois   .            (helmet restricted)
rElec   .            k - +0 cloak
rCorr   .            (no gloves)
SInv    .            (no boots)
Will    .....        (no amulet)
Stlth   ++           (no ring)
HPRegen 0.24/turn    (no ring)
MPRegen 0.10/turn

%: no passive effects
@: no status effects
A: AC +5, unfitting armour, cold-blooded
a: no special abilities


You were on level 2 of the Dungeon.
You visited 1 branch of the dungeon, and saw 2 of its levels.

You collected 45 gold pieces.

Inventory:

Hand Weapons
 c - a +0 dagger (weapon)
Armour
 k - a +0 cloak (worn)
Scrolls
 b - 2 scrolls of teleportation
 d - a scroll of enchant armour {unknown}
 e - a scroll of fog {unknown}
 f - a scroll of vulnerability {unknown}
 i - a scroll of poison {unknown}
Potions
 a - a potion of magic
 g - a potion of heal wounds {unknown}
 h - a potion of invisibility {unknown}
 j - a potion of degeneration {unknown}


   Skills:
 + Level 2.0 Dodging
 + Level 2.0 Stealth
 + Level 2.3 Spellcasting
 + Level 4.7 Conjurations


You had 3 spell levels left.
You knew the following spells:

 Your Spells              Type           Power      Damage    Failure   Level
a - Magic Dart            Conj           84%        1d7       2%          1
b - Searing Ray           Conj           42%        2d6       3%          2

Your spell library contained the following spells:

 Spells                   Type           Power      Damage    Failure   Level
 Dazzling Flash           Conj/Hex       22%        N/A       17%         3
 Sublimation of Blood     Necr           2%         N/A       24%         2
 Wereblood                Tmut           2%         N/A       24%         2
 Volatile Blastmotes      Fire/Tloc      4%         2d10      43%         3
 Fulminant Prism          Conj/Hex       5%         3d6       50%         4
 Iskenderun's Mystic Bla  Conj/Tloc      11%        2d4       50%         4
 Starburst                Conj/Fire      5%         6d4       100%        6
 Summon Hydra             Summ           1%         N/A       100%        7


Dungeon Overview and Level Annotations

Branches:
Dungeon (2/15)

Altars:

Shops:
D:2 ?


Innate Abilities, Weirdness & Mutations

Your plain brown scales are hard. (AC +5)
You cannot fit into any form of body armour.
You are cold-blooded and may be slowed by cold attacks.


Message History

The worm is heavily wounded.
The magic dart hits the worm!
The worm is almost dead.
The worm bites you!
You hit the worm but do no damage.
The worm is almost dead.
The worm bites you but does no damage.
You hit the worm but do no damage.
The worm is almost dead.
You completely miss the worm.
Your tail-slap misses the worm.
The worm is almost dead.
The worm bites you but does no damage.
You hit the worm.
The worm is almost dead.
You hit the worm.
Your tail-slap misses the worm.
The worm is almost dead.
The worm bites you but does no damage.
You hit the worm.
The worm is almost dead.
The worm completely misses you.
You hit the worm but do no damage.
The worm is almost dead.
You hit the worm.
The worm is almost dead.
The worm misses you.
You hit the worm.
The worm is almost dead.
You hit the worm but do no damage.
The worm is almost dead.
The worm bites you but does no damage.
You hit the worm.
The worm is almost dead.
The worm bites you!
* * * LOW HITPOINT WARNING * * *
You hit the worm but do no damage.
The worm is almost dead.
You hit the worm but do no damage.
The worm is almost dead.
The worm bites you.
You die...

#####.†......#########
... ......#.#...## ..
..###....[############# .
..#####..##.....#.....##
.
.∩....#.##.............##
#.......#...............#
#..##[..................#
#..##..##.......w.......#
###....##.......@.......#
#######...............#
##.............##
##.....#.....##
#############


You could see a worm.

Vanquished Creatures
  2 dart slugs
  An endoplasm (D:2)
  A giant cockroach (D:2)
  3 goblins
  6 hobgoblins
  2 jackals (D:1)
  5 kobolds
  A quokka (D:1)
  A ball python (D:1)
  6 bats
  2 frilled lizards
  A rat (D:2)
31 creatures vanquished.

Notes
Turn   | Place    | Note
-------+----------+-------------------------------------------
     0 | D:1      | HagarQim the Draconian Conjurer began the quest for the
                  | Orb.
     0 | D:1      | Reached XP level 1. HP: 14/14 MP: 3/3
   257 | D:1      | Reached XP level 2. HP: 20/20 MP: 3/5
   329 | D:1      | Learned a level 2 spell: Searing Ray
   633 | D:1      | You fall into a shaft and drop 1 floor!
   858 | D:1      | Reached XP level 3. HP: 26/26 MP: 4/6
  1317 | D:2      | Found Plog's Magic Scroll Emporium.
  1476 | D:2      | Slain by a worm

Illustrated notes

Levels and vault maps discovered:
D:1:      wheals_arrival_shading, layout_basic, nrook_mini_vaults
D:2:      layout_rooms, serial_shops, nicolae_square_shop, minmay_tetromino_t4

Skill      XL: |  1  2 |
---------------+-------+-----
Stealth        | 2 |  2.0
Dodging        | 2 |  2.0
Spellcasting   | |  2.3
Conjurations   | |  4.7

Action                     || total
---------------------------++-------
  Melee: Dagger            ||    59
         Punch             ||     3
         Tailslap          ||     7
   Cast: Magic Dart        ||    67
    Use: Scroll            ||     4
 Armour: Skin              ||    39
  Dodge: Dodged            ||    56
